 Dungeon Crawl Stone Soup version 0.23.2-1-ga50397a (webtiles) character file.

Game seed: 360608319777865121

182578 shadizar the Warrior (level 17, 0/117 HPs)
             Began as a Gargoyle Fighter on May 4, 2019.
             Was the Champion of the Shining One.
             Slain by a deep troll (10 damage)
             ... on level 1 of the Depths.
             The game lasted 01:27:03 (35568 turns).

shadizar the Warrior (Gargoyle Fighter)            Turns: 35568, Time: 01:27:04

Health: 0/117      AC: 45    Str: 27      XL:     17   Next: 97%
Magic:  23/23      EV:  9    Int:  8 (9)  God:    the Shining One [******]
Gold:   3401       SH: 22    Dex:  7 (9)  Spells: 16/16 levels left

rFire    + . .     SeeInvis +   G - +4 morningstar
rCold    + . .     Gourm    +   o - +2 large shield {rC+}
rNeg     + + +     Faith    .   x - +8 plate armour {ponderous}
rPois    ∞         Spirit   .   P - +1 helmet {SInv}
rElec    +         Reflect  .   K - scarf {repulsion}
rCorr    .         Harm     .   D - +1 pair of gloves
MR       ++...                  N - +2 pair of boots
Stlth    ..........             r - amulet of the gourmand
HPRegen  0.29/turn              e - ring of protection from magic
MPRegen  0.18/turn              s - ring of protection from fire

@: flying, glowing, repel missiles, slow
A: big wings, see invisible, deterioration 1, low mp 1, negative energy
resistance 1, electricity resistance, unbreathing, petrification resistance, rot
immunity, AC +12
}: 1/15 runes: barnacled
a: Stop Flying, Divine Shield, Cleansing Flame, Summon Divine Warrior, Brand
Weapon With Holy Wrath, Renounce Religion


You were on level 1 of the Depths.
You worshipped the Shining One.
The Shining One was exalted by your worship.
You were very full.

You visited 7 branches of the dungeon, and saw 31 of its levels.
You also visited: Sewer and Ice Cave.

You collected 3401 gold pieces.

Inventory:

Hand Weapons
 C - the +2 glaive of Callousness {chop, Dex+2 SInv, unknown}
   (You found it on level 1 of the Depths)

   It inflicts extra damage upon your enemies.
   It affects your dexterity (+2).
   It lets you see invisible.
 G - a +4 morningstar (weapon)
 M - the cursed +1 hand crossbow "Worm's Wrath" {speed, -Tele rElec rC++ Stlth+, unknown}
   (You found it on level 14 of the Dungeon)

   Attacks with this weapon are significantly faster.
   It greatly protects you from cold.
   It insulates you from electricity.
   It prevents most forms of teleportation.
   It makes you more stealthy.
   It has a curse placed upon it.
 U - the +4 short sword "Unan" {speed, +Inv rElec, unknown}
   (You found it on level 4 of the Shoals)

   Attacks with this weapon are significantly faster.
   It insulates you from electricity.
   It lets you turn invisible.
Armour
 o - a +2 large shield of cold resistance (worn)
 x - a +8 plate armour of ponderousness (worn)
 D - a +1 pair of gloves (worn)
 K - a scarf of repulsion (worn)
 N - a +2 pair of boots (worn)
 P - a +1 helmet of see invisible (worn)
 S - the +2 pair of gloves of Context {rF- Regen+ Str+4 Int+3}
   (You found it on level 12 of the Dungeon)

   It affects your strength (+4).
   It affects your intelligence (+3).
   It makes you vulnerable to fire.
   It increases your rate of regeneration.
Jewellery
 c - an uncursed ring of ice
 e - a ring of protection from magic (left hand)
 r - an amulet of the gourmand (around neck)
 s - a ring of protection from fire (right hand)
 z - the ring of Intercession {rCorr rN+ MP+9 Str+7 Dex-4}
   (You found it on level 1 of the Depths)

   [ring of resist corrosion]

   It affects your strength (+7).
   It affects your dexterity (-4).
   It protects you from negative energy.
   It affects your magic capacity (+9).
 O - an uncursed ring of resist corrosion
 Q - an uncursed amulet of faith
 R - an uncursed ring of ice
 T - the amulet "Odgheocuu" {Gourm rF- MR+ Int+3}
   (You found it in an ice cave)

   [amulet of the gourmand]

   It allows you to eat raw meat even when not hungry.
   It affects your intelligence (+3).
   It makes you vulnerable to fire.
   It affects your resistance to hostile enchantments.
Wands
 a - a wand of acid (14)
 b - a wand of iceblast (12)
 k - a wand of disintegration (12)
 q - a wand of flame (28)
 w - a wand of enslavement (4)
 L - a wand of paralysis (21)
 V - a wand of polymorph (11)
 W - a wand of scattershot (12)
Scrolls
 d - 2 scrolls of amnesia
 h - 5 scrolls of magic mapping
 l - 12 scrolls of remove curse
 m - 11 scrolls of enchant weapon
 n - 20 scrolls of teleportation
 y - 4 scrolls of identify
 A - 4 scrolls of fear
 B - a scroll of enchant armour
 I - 3 scrolls of fog
Potions
 g - 2 potions of heal wounds
 i - 5 potions of might
 j - 2 potions of resistance
 p - 3 potions of magic
 t - 4 potions of lignification
 u - 6 potions of curing
 v - 4 potions of haste
 E - a potion of brilliance
 H - a potion of ambrosia
 Y - a potion of berserk rage
 Z - a potion of agility
Miscellaneous
 J - a phial of floods
 X - a crystal ball of energy
Comestibles
 f - 62 rations


   Skills:
 + Level 17.1 Fighting
 + Level 12.4 Maces & Flails
 + Level 13.5 Armour
 + Level 9.7 Dodging
 + Level 13.6 Shields
 + Level 12.2 Invocations
 - Level 8.2 Evocations


You had 16 spell levels left.
You didn't know any spells.
Your spell library contained the following spells:

 Spells                   Type           Power        Failure   Level  Hunger
 Apportation              Tloc           #.....       100%        1    ##.....
 Confusing Touch          Hex            #.....       100%        1    ##.....
 Corona                   Hex            #......      100%        1    ##.....
 Freeze                   Ice            #...         100%        1    ##.....
 Infusion                 Chrm           #...         100%        1    ##.....
 Magic Dart               Conj           #...         100%        1    ##.....
 Summon Butterflies       Summ           #.......     100%        1    ##.....
 Searing Ray              Conj           #.....       100%        2    ###....
 Shroud of Golubria       Chrm/Tloc      #.........   100%        2    ###....
 Slow                     Hex            #.......     100%        2    ###....
 Song of Slaying          Chrm           #.......     100%        2    ###....
 Throw Frost              Conj/Ice       #.....       100%        2    ###....
 Confuse                  Hex            #.......     100%        3    ####...
 Dazzling Spray           Conj/Hex       #.....       100%        3    ####...
 Gell's Gravitas          Tloc           #.........   100%        3    ####...
 Ignite Poison            Fire/Tmut/Pois #.......     100%        3    ####...
 Inner Flame              Hex/Fire       #.......     100%        3    ####...
 Lesser Beckoning         Tloc           #.........   100%        3    ####...
 Ozocubu's Armour         Chrm/Ice       #.......     100%        3    ####...
 Portal Projectile        Hex/Tloc       #.....       100%        3    ####...
 Regeneration             Chrm/Necr      #.........   100%        3    ####...
 Spectral Weapon          Hex/Chrm       #.......     100%        3    ####...
 Tukima's Dance           Hex            #.......     100%        3    ####...
 Cause Fear               Hex            #.........   100%        4    #####..
 Force Lance              Conj/Tloc      #.......     100%        4    #####..
 Fulminant Prism          Conj/Hex       #.........   100%        4    #####..
 Iskenderun's Mystic Bla  Conj           #.......     100%        4    #####..
 Leda's Liquefaction      Hex/Erth       #.........   100%        4    #####..
 Petrify                  Tmut/Erth      #.......     100%        4    #####..
 Summon Ice Beast         Ice/Summ       #.......     100%        4    #####..
 Throw Icicle             Conj/Ice       #.......     100%        4    #####..
 Alistair's Intoxication  Tmut/Pois      #.......     100%        5    ######.
 Aura of Abjuration       Summ           #.........   100%        5    ######.
 Blade Hands              Tmut           #.........   100%        5    ######.
 Bolt of Magma            Conj/Fire/Erth #.........   100%        5    ######.
 Iskenderun's Battlesphe  Conj/Chrm      #.......     100%        5    ######.
 Metabolic Englaciation   Hex/Ice        #.........   100%        5    ######.
 Venom Bolt               Conj/Pois      #.........   100%        5    ######.
 Yara's Violent Unravell  Hex/Tmut       #.........   100%        5    ######.
 Invisibility             Hex            #.......     100%        6    #######
 Iron Shot                Conj/Erth      #.........   100%        6    #######
 Orb of Destruction       Conj           #.........   100%        7    #######
 Spellforged Servitor     Conj/Summ      #.........   100%        7    #######


Dungeon Overview and Level Annotations

Branches:
Dungeon (15/15)            Temple (1/1) D:5            Lair (6/6) D:8
 Shoals (4/4) Lair:4        Snake (2/4) Lair:2        Slime (0/5) Lair:5
    Orc (2/2) D:9             Elf (0/3) Orc:2        Vaults (0/5) D:13
 Depths (1/5) D:15

Altars:
Ashenzari
Cheibriados
Dithmenos
Elyvilon
Fedhas
Gozag
Hepliaklqana
Kikubaaqudgha
Makhleb
Nemelex Xobeh
Okawaru
Qazlal
Ru
Sif Muna
Trog
Uskayaw
Vehumet
Wu Jian
Xom
Yredelemnul
Zin
The Shining One
Beogh
Jiyva

Shops:
Orc:2 *(:[   Shoals:4 }

Portals:
Abyss: Depths:1
Ziggurat: Depths:1

Annotations:
D:6 1 runed translucent door, Lucio's ghost, amateur DrFi
Lair:2 1 runed translucent door, Borbor's ghost, journeyman DrFE
Lair:6 2 runed translucent doors, bananaglory's ghost, journeyman MfSk
Depths:1 3 runed translucent doors, Karim's ghost, journeyman NaFi


Innate Abilities, Weirdness & Mutations

You are resistant to torment.
Your stone body is resilient. (AC +12)
You are immune to poison.
Your large and strong wings let you fly indefinitely.
You resist negative energy. (rN+)
You are resistant to electric shocks. (rElec)
You can survive without breathing.
You are immune to petrification.
You are immune to rotting.
You have supernaturally acute eyesight. (SInv)
Your body sometimes deteriorates upon taking damage.
Your magical capacity is low. (-10% MP)


Message History

You block the deep troll's attack.
The deep troll claws you but does no damage.
The deep troll closely misses you.
There is a stone staircase leading down here.
The deep troll earth mage bites you!!
* * * LOW HITPOINT WARNING * * *
Your body deteriorates!
You feel dopey.
You block the deep troll earth mage's attack. x2
The deep troll completely misses you. You block the deep troll's attack.
The deep troll claws you!
* * * LOW HITPOINT WARNING * * *
The deep troll earth mage barely misses you.
The deep troll earth mage claws you! The Shining One protects you from harm!
You block the deep troll earth mage's attack.
The deep troll bites you but does no damage.
The deep troll barely misses you. You block the deep troll's attack.
The deep troll bites you but does no damage.
The deep troll claws you!
You die...

##.....##...# .###. ###....#..
.... # ##..#.# ..# ## #...#.#
..#.1 .## #.T.# # ...# . 8.##
#...# #..#
...############...########.... ##
...............TTT.......... ##.
..).)...........@.##.##...#####..
8(#.(..(.(.((.....##.##..##..#...
(##############.................#
## ##....#..#.........# #
##.......#..#.....### #
#....................
#.....##..##.#..##....
#.........##..#.##.#..
##.....##..........##.


You could see 2 deep trolls, a deep troll earth mage and a deep troll shaman.

Vanquished Creatures
  A kraken (Shoals:3)
  Gastronok (D:9)
  Ilsuiw (Shoals:3)
  A nagaraja (Snake:2)
  3 orc warlords
  Louise (Depths:1)
  3 very ugly things
  A vampire knight (Depths:1)
  Azrael (D:11)
  3 dire elephants (Lair:6)
  An ettin (Depths:1)
  3 merfolk javelineers
  3 merfolk impalers
  A fire dragon (D:15)
  Fannar (D:10)
  Erolcha (D:10)
  4 merfolk avatars
  7 great orbs of eyes (Depths:1)
  9 hydras
  2 ice dragons (IceCv)
  5 anacondas
  A catoblepas (shapeshifter) (D:13)
  A deep troll shaman (Depths:1)
  A two-headed ogre (D:11)
  7 centaur warriors
  2 satyrs
  A death knight (D:15)
  7 merfolk aquamancers
  2 alligator snapping turtles
  4 death yaks (Lair:6)
  An orc high priest (Orc:2)
  3 naga sharpshooters (Snake:1)
  Nergalle (Orc:2)
  2 iron trolls (Depths:1)
  A skeletal warrior (D:15)
  2 sea snakes (Shoals:4)
  3 deep trolls (Depths:1)
  An unseen horror (D:15)
  A deep elf archer (D:12)
  5 orc knights
  4 harpies (Shoals:4)
  7 fauns
  13 ugly things
  A deep elf mage (D:15)
  A mana viper (Snake:1)
  A salamander (Snake:2)
  2 cyclopes
  8 manticores
  6 orc sorcerers
  20 elephants
  A shining eye (Depths:1)
  9 merfolk sirens
  A guardian serpent (Snake:2)
  7 water nymphs
  15 black mambas
  2 ice statues (IceCv)
  An eye of devastation (Depths:1)
  2 naga magi (Snake:2)
  2 gargoyles
  12 spiny frogs
  A redback zombie (D:14)
  9 yaktaurs
  A torpor snail (Lair:2)
  A rime drake (shapeshifter) (D:15)
  4 rime drakes
  7 komodo dragons
  3 kobold demonologists
  A troll (shapeshifter) (D:15)
  3 meliai
  7 wind drakes
  22 merfolk
  Prince Ribbit (D:6)
  2 trolls (Orc:1)
  3 polar bears
  A queen bee (D:13)
  A hornet (D:15)
  8 snapping turtles
  16 blink frogs
  9 hippogriffs
  A vampire (D:15)
  A centaur simulacrum (D:14)
  3 shadows
  A yak (shapeshifter) (D:14)
  5 wraiths
  9 water elementals
  4 wyverns
  61 yaks
  3 golden eyes (Depths:1)
  A basilisk (Lair:4)
  4 hogs (D:9)
  A fire elemental (D:11)
  A human (D:9)
  5 wargs
  4 hungry ghosts
  6 nagas
  14 water moccasins
  2 soldier ants
  2 acid dragons (D:14)
  6 hell hounds
  6 porcupines
  A floating eye (Depths:1)
  5 black bears
  25 ice beasts
  A hornet zombie (D:13)
  2 eyes of draining
  52 orc warriors
  8 ogres
  4 wolves (Lair:4)
  6 sky beasts
  3 phantoms
  5 necrophages (Lair:2)
  17 centaurs
  10 crocodiles
  17 bullfrogs
  6 big kobolds
  A gnoll sergeant (D:8)
  A wyvern skeleton (D:14)
  3 scorpions
  39 killer bees
  14 wights
  5 howler monkeys
  8 crimson imps
  2 bullfrog zombies
  2 centaur zombies
  3 hounds
  2 quasits
  2 jellies
  29 orc priests
  27 orc wizards
  2 gnoll shamans
  A bullfrog skeleton (D:6)
  3 centaur skeletons
  7 worker ants
  3 iguanas
  A killer bee zombie (D:8)
  A hound zombie (D:10)
  A howler monkey zombie (D:8)
  2 worker ant zombies
  12 gnolls
  10 adders
  2 river rats (Sewer)
  A shadow imp (D:14)
  2 oozes
  2 adder skeletons
  5 worms
  A dart slug (D:1)
  6 leopard geckos
  100 orcs
  11 giant cockroaches
  6 hobgoblins
  8 jackals (D:9)
  3 quokkas
  7 ball pythons
  A ball python skeleton (D:4)
  8 bats
  6 frilled lizards
  4 goblins
  27 kobolds
  A leopard gecko skeleton (D:4)
  17 rats
  5 plants
  7 tentacles (Shoals:3)
1027 creatures vanquished.

Vanquished Creatures (others)
  A black mamba (Snake:2)
  An orc priest (D:15)
  A jelly (D:12)
  2 orcs (D:12)
  A kobold (D:12)
  A bush (Lair:5)
  9 fungi
  20 plants
  41 tentacles (Shoals:3)
77 creatures vanquished.

Grand Total: 1104 creatures vanquished

Notes
Turn   | Place    | Note
-------+----------+-------------------------------------------
     0 | D:1      | shadizar the Gargoyle Fighter began the quest for the Orb.
     0 | D:1      | Reached XP level 1. HP: 14/14 MP: 1/1
   234 | D:1      | Reached XP level 2. HP: 19/19 MP: 2/2
   547 | D:1      | Reached XP level 3. HP: 22/24 MP: 3/3
  1148 | D:2      | Reached skill level 4 in Fighting
  1257 | D:2      | Found a faded altar of an unknown god.
  1480 | D:3      | Reached XP level 4. HP: 22/29 MP: 4/4
  1556 | D:3      | Reached skill level 1 in Dodging
  2084 | D:3      | Reached XP level 5. HP: 33/34 MP: 5/5
  2154 | D:3      | Found a shattered altar of Ashenzari.
  2155 | D:3      | Found a snail-covered altar of Cheibriados.
  2463 | D:3      | Found a bloodstained altar of Trog.
  2592 | D:4      | Reached skill level 5 in Fighting
  2592 | D:4      | Reached XP level 6. HP: 27/40 MP: 6/6
  2966 | D:4      | Found a glowing drain.
  3020 | Sewer    | Entered a sewer
  3515 | D:4      | Reached XP level 7. HP: 42/44 MP: 7/7
  3723 | D:5      | Entered Level 5 of the Dungeon
  4102 | D:5      | Found a staircase to the Ecumenical Temple.
  4108 | Temple   | Entered the Ecumenical Temple
  4125 | Temple   | Became a worshipper of the Shining One
  4455 | D:5      | Reached skill level 6 in Fighting
  4859 | D:6      | Reached skill level 5 in Shields
  4869 | D:6      | Reached skill level 5 in Armour
  4872 | D:6      | Reached XP level 8. HP: 43/52 MP: 8/8
  5007 | D:6      | Reached * piety under the Shining One
  5090 | D:6      | Reached skill level 7 in Fighting
  5371 | D:6      | Found a runed translucent door.
  5684 | D:6      | Found a stormy altar of Qazlal.
  5772 | D:6      | Noticed Prince Ribbit
  5784 | D:6      | Killed Prince Ribbit
  5784 | D:6      | Reached skill level 8 in Fighting
  5784 | D:6      | Reached skill level 5 in Maces & Flails
  5784 | D:6      | Reached XP level 9. HP: 58/59 MP: 9/9
  5901 | D:6      | Noticed Lucio's ghost (amateur DrFi)
  5980 | D:7      | Found a deep blue altar of Sif Muna.
  6089 | D:7      | Reached ** piety under the Shining One
  6444 | D:7      | Reached skill level 9 in Fighting
  6969 | D:8      | Reached XP level 10. HP: 61/66 MP: 10/10
  7014 | D:8      | Reached *** piety under the Shining One
  7225 | D:8      | Found a staircase to the Lair.
  7432 | D:8      | Found a snail-covered altar of Cheibriados.
  7477 | D:8      | Found an iron altar of Okawaru.
  7477 | D:8      | Found a sparkling altar of Nemelex Xobeh.
  7479 | D:8      | Found a glowing golden altar of the Shining One.
  7479 | D:8      | Found a shimmering altar of Xom.
  7479 | D:8      | Found a white marble altar of Elyvilon.
  7680 | D:8      | Found a hazy altar of Hepliaklqana.
  7750 | D:9      | Noticed an eight-headed hydra
  7790 | Lair:1   | Entered Level 1 of the Lair of Beasts
  7904 | Lair:1   | Noticed a spiny frog
  7908 | Lair:1   | Killed a spiny frog
  7908 | Lair:1   | Reached skill level 10 in Fighting
  7955 | Lair:1   | Noticed a spiny frog
  7965 | Lair:1   | Killed a spiny frog
  7965 | Lair:1   | Reached skill level 5 in Dodging
  8051 | Lair:1   | Noticed a spiny frog
  8058 | Lair:1   | Killed a spiny frog
  8058 | Lair:1   | Reached skill level 1 in Evocations
  8515 | Lair:2   | Found a runed translucent door.
  8516 | Lair:2   | Noticed Borbor's ghost (journeyman DrFE)
  8521 | Lair:2   | Noticed a torpor snail
  8536 | Lair:2   | Killed a torpor snail
  8536 | Lair:2   | Reached XP level 11. HP: 32/73 MP: 12/12
  8791 | Lair:2   | Identified the +4 trident "Goblinbane" {freeze, Int+3}
  8791 | Lair:2   | Noticed a spriggan rider
  8834 | Lair:2   | Reached skill level 11 in Fighting
  9080 | Lair:2   | Reached **** piety under the Shining One
  9253 | Lair:2   | Found a staircase to the Snake Pit.
 10141 | Lair:2   | Reached XP level 12. HP: 62/81 MP: 14/14
 10241 | Lair:2   | Reached skill level 12 in Fighting
 10382 | Lair:3   | You fall through a shaft!
 10566 | Lair:4   | Found a staircase to the Shoals.
 11383 | Lair:5   | Reached ***** piety under the Shining One
 11661 | Lair:5   | Noticed a five-headed hydra
 11674 | Lair:5   | Killed a five-headed hydra
 11674 | Lair:5   | Reached skill level 5 in Evocations
 11681 | Lair:5   | Reached skill level 13 in Fighting
 11688 | Lair:5   | Found a staircase to the Slime Pits.
 11689 | Lair:5   | Found a viscous altar of Jiyva.
 11779 | Lair:5   | Noticed a five-headed hydra
 11789 | Lair:5   | Killed a five-headed hydra
 11791 | Lair:5   | Reached XP level 13. HP: 50/88 MP: 16/16
 11952 | Lair:5   | Reached skill level 10 in Armour
 11952 | Lair:5   | Reached skill level 10 in Shields
 12523 | Lair:5   | Identified a scroll of acquirement
 13325 | Lair:6   | Entered Level 6 of the Lair of Beasts
 13526 | Lair:6   | Reached skill level 14 in Fighting
 13893 | Lair:6   | Found a large runed translucent door.
 13903 | Lair:6   | Found a large runed translucent door.
 13905 | Lair:6   | Noticed bananaglory's ghost (journeyman MfSk)
 14064 | Lair:6   | Gained mutation: Your large and strong wings let you fly
                  | indefinitely. [Gargoyle growth]
 14064 | Lair:6   | Reached XP level 14. HP: 46/96 MP: 17/17
 14589 | Lair:6   | Noticed a dire elephant
 14606 | Lair:6   | Killed a dire elephant
 14606 | Lair:6   | Reached skill level 10 in Maces & Flails
 14720 | Lair:6   | Noticed a dire elephant
 14720 | Lair:6   | Noticed a dire elephant
 14742 | Lair:6   | Killed a dire elephant
 14759 | Lair:6   | Killed a dire elephant
 15479 | D:9      | Found a staircase to the Orcish Mines.
 15577 | D:9      | Found a glowing silver altar of Zin.
 15802 | D:9      | Noticed Gastronok
 15818 | D:9      | Killed Gastronok
 15818 | D:9      | Reached skill level 15 in Fighting
 16255 | Orc:1    | Entered Level 1 of the Orcish Mines
 16316 | Orc:2    | Entered Level 2 of the Orcish Mines
 16448 | Orc:2    | Noticed an orc warlord
 16773 | Orc:1    | Killed an orc warlord
 17847 | Orc:2    | Noticed Nergalle
 17865 | Orc:2    | Killed Nergalle
 17920 | Orc:2    | HP: 4/98 [something/ball of steam[an orc high priest] (12)]
 18227 | Orc:2    | Noticed an orc warlord
 18258 | Orc:2    | Killed an orc warlord
 18311 | Orc:2    | Found a roughly hewn altar of Beogh.
 18337 | Orc:2    | Found Reaseywn's General Store.
 18354 | Orc:2    | Found a staircase to the Elven Halls.
 18443 | Orc:2    | Found Oxeak's Antique Armour Shop.
 18486 | Orc:2    | Found Unnol's Book Shop.
 18500 | Orc:2    | Found Dotzeat's Antique Weapon Shop.
 19085 | Orc:1    | Reached ****** piety under the Shining One
 19782 | D:10     | Entered Level 10 of the Dungeon
 20047 | D:10     | Noticed Fannar
 20065 | D:10     | Killed Fannar
 20065 | D:10     | Reached XP level 15. HP: 104/104 MP: 18/18
 20401 | D:10     | Noticed Erolcha
 20410 | D:10     | Killed Erolcha
 20410 | D:10     | Reached skill level 16 in Fighting
 20748 | D:11     | Found a frozen archway.
 20783 | IceCv    | Entered an ice cave
 21184 | IceCv    | Got an ancient tin ring
 21196 | IceCv    | Got a twitching graven amulet
 21492 | D:11     | Identified the ring of Qitiotz {Wiz rElec rN+ Dex-5 SInv}
                  | (You found it in an ice cave)
 21496 | D:11     | Identified the amulet "Odgheocuu" {Gourm rF- MR+ Int+3}
                  | (You found it in an ice cave)
 21518 | D:11     | Reached skill level 1 in Invocations
 22016 | D:12     | Noticed Azrael
 22088 | D:11     | Killed Azrael
 22365 | D:12     | Identified the cursed +1 mace "Topon" {protect, rC+}
 22436 | D:12     | Noticed an orc warlord
 22440 | D:12     | Reached skill level 5 in Invocations
 22468 | D:12     | Killed an orc warlord
 22494 | D:12     | Got a pair of distressingly furry gloves
 22648 | D:12     | Found an iron altar of Okawaru.
 22698 | D:12     | Identified the +2 pair of gloves of Context {rF- Regen+
                  | Str+4 Int+3} (You found it on level 12 of the Dungeon)
 23165 | Shoals:1 | Entered Level 1 of the Shoals
 23712 | Shoals:1 | You are sucked into a shaft!
 25029 | Shoals:1 | Reached XP level 16. HP: 110/110 MP: 22/22
 25340 | Shoals:3 | Identified Faur's Grimoire of the Mutagenic Entourage
 25775 | Shoals:3 | Noticed Ilsuiw
 25819 | Shoals:3 | Killed Ilsuiw
 25824 | Shoals:3 | Noticed a kraken
 25836 | Shoals:3 | Reached skill level 10 in Invocations
 27202 | Shoals:3 | Killed a kraken
 27474 | Shoals:4 | Entered Level 4 of the Shoals
 27482 | Shoals:4 | Found Xeonacw's Gadget Boutique.
 28426 | Shoals:4 | Got a smoking trident
 28852 | Shoals:4 | Got a twisted short sword
 29035 | Shoals:4 | Got a barnacled rune of Zot
 29329 | Snake:1  | Entered Level 1 of the Snake Pit
 29957 | Snake:1  | Identified the cursed +1 trident of Xapobid {venom, rF+
                  | rC+} (You found it on level 4 of the Shoals)
 30135 | Snake:2  | Noticed a nagaraja
 30166 | Snake:2  | Reached XP level 17. HP: 91/116 MP: 25/25
 30504 | D:13     | Found a gate to the Vaults.
 32468 | D:14     | Got a jewelled hand crossbow
 32699 | D:15     | Entered Level 15 of the Dungeon
 33687 | D:15     | Found a staircase to the Depths.
 33767 | D:15     | Found an ornate altar of the Wu Jian Council.
 34066 | Depths:1 | Entered Level 1 of the Depths
 34143 | Depths:1 | Found a runed translucent gate.
 34143 | Depths:1 | Found a runed translucent gate.
 34143 | Depths:1 | Found a runed translucent gate.
 34149 | Depths:1 | Noticed Karim's ghost (journeyman NaFi)
 34153 | Depths:1 | Found a viscous altar of Jiyva.
 34196 | Depths:1 | Reached skill level 17 in Fighting
 34698 | Depths:1 | Found a one-way gate to the infinite horrors of the Abyss.
 34698 | Depths:1 | Noticed Louise
 34726 | Depths:1 | Killed Louise
 35001 | Depths:1 | Noticed an ancient lich
 35018 | Depths:1 | Found a gateway to a ziggurat.
 35040 | Depths:1 | Noticed a lich
 35045 | Depths:1 | Noticed an Executioner
 35359 | Depths:1 | Gained mutation: Your magical capacity is low. (-10% MP) [a
                  | shining eye]
 35364 | Depths:1 | Gained mutation: Your body sometimes deteriorates upon
                  | taking damage. [a shining eye]
 35367 | Depths:1 | Gained mutation: You have supernaturally acute eyesight.
                  | (SInv) [a shining eye]
 35399 | Depths:1 | Got a clouded ivory ring
 35405 | Depths:1 | Got a fine glaive
 35523 | Depths:1 | Identified the ring of Intercession {rCorr rN+ MP+9 Str+7
                  | Dex-4} (You found it on level 1 of the Depths)
 35568 | Depths:1 | The Shining One protects you from harm!
 35568 | Depths:1 | Slain by a deep troll

Skill      XL: |  1  2  3  4  5  6  7  8  9 10 11 12 13 14 15 16 17 |
---------------+----------------------------------------------------+-----
Fighting       | 4 5 6 8 9 10 11 13 14 15 16 17 | 17.1
Dodging        | 1 2 3 4 5 6 7 8 9 |  9.7
Maces & Flails | 3 4 5 6 7 8 9 10 11 12 | 12.4
Armour         | 4 5 6 8 9 10 11 12 13 | 13.5
Shields        | 4 5 6 8 9 10 12 13 | 13.6
Evocations     | 2 3 5 7 8 |  8.2
Invocations    | 8 11 12 | 12.2

Action                   |  1- 3 |  4- 6 |  7- 9 | 10-12 | 13-15 | 16-18 || total
-------------------------+-------+-------+-------+-------+-------+-------++-------
Melee: Flail             |   159 |   133 |   325 |       |       |       ||   617
       Whip              |       |   215 |    95 |       |       |       ||   310
       Morningstar       |       |       |    27 |   582 |  1767 |  1657 ||  4033
Invok: Divine Shield     |       |       |       |       |     2 |    12 ||    14
       Cleansing Flame   |       |       |       |       |     1 |       ||     1
 Abil: Fly               |       |       |       |       |     1 |       ||     1
Evoke: Wand              |       |       |       |       |     6 |     4 ||    10
  Use: Potion            |       |     1 |       |       |    11 |     7 ||    19
       Scroll            |       |    12 |       |     1 |    19 |    13 ||    45
  Eat: Chunk             |     1 |     8 |    20 |    18 |    56 |    42 ||   145
       Ration            |       |       |       |     1 |     2 |       ||     3
Armor: Scale mail        |    92 |   167 |       |       |       |       ||   259
       Chain mail        |       |     6 |   255 |       |       |       ||   261
       Plate armour      |       |       |    31 |   487 |  1130 |   989 ||  2637
Dodge: Dodged            |    67 |   111 |   146 |   207 |   504 |   375 ||  1410
       Deflected         |       |       |       |       |     7 |    37 ||    44
Block: Shield            |    91 |   165 |   267 |   441 |    41 |       ||  1005
       Large shield      |       |       |       |       |  2159 |  2220 ||  4379
